Capitals vs Rangers
Created - May 15, 2024 at 21:15
Goals
|
| Capitals |
2 |
0 |
0 |
1 |
3 |
| Rangers |
1 |
1 |
0 |
0 |
2 |
|
Shots
|
| Capitals |
16 |
3 |
6 |
9 |
34 |
| Rangers |
7 |
13 |
12 |
10 |
42 |
|
1st period
1. Capitals , Taylor Hall 2 (Patrick Kane 2, Shea Theodore 1) at 1:52
2. Capitals , Brandon Gormley 1 (Taylor Hall 1, Nicklas Backstrom 2) at 8:30 (PP)
3. Rangers , Sean Couturier 1 (Milan Lucic 2) at 9:42
Penalties :
Ryan Strome (NyR) for Tripping (Minor) at 8:18, Milan Lucic (NyR) for Holding (Minor) at 13:09
2nd period
4. Rangers , Richard Panik 1 (Cale Makar 1, T.J Galiardi 1) at 18:03
Penalties :
Steve Downie (Was) for Roughing (Minor) at 4:05, Mikhail Sergachev (NyR) for Boarding (Minor) at 11:19
3rd period
No Goal
Penalties :
Milan Lucic (NyR) for High sticking (Minor) at 0:03
Overtime #1
5. Capitals , Shea Theodore 1 (Brandon Burlon 1) at 13:06
Penalties :
No Penalty
Goalie Stats
Cory Schneider (Was), 40 saves from 42 shots - (0.952), W, 1-1-0, 73:06 minutes
Frederik Andersen (NyR), 31 saves from 34 shots - (0.912), OTL, 1-0-1, 73:06 minutes
Players Stats for Capitals
Player Name G A P +/- PIM S H SB GA TA FO MP PP MP PK MP
------------------------------------------------------------------------------------
Alexei Marchenko 0 0 0 -2 0 1 1 2 1 2 0/0 23:41 0:00 1:03
Blake Pietila 0 0 0 0 0 6 1 1 0 0 0/1 20:45 1:43 0:30
Bobby Ryan 0 0 0 0 0 1 2 0 1 0 0/0 20:15 1:43 0:00
Brandon Burlon 0 1 1 2 0 4 0 1 1 0 0/0 17:58 0:00 0:00
Brandon Gormley 1 0 1 0 0 1 2 0 0 4 0/0 30:01 4:28 1:03
Cody Hodgson 0 0 0 0 0 0 1 2 0 0 7/20 20:54 1:43 0:39
Jeff Skinner 0 0 0 -2 0 3 2 0 0 0 0/0 15:34 0:00 0:00
Joe Colborne 0 0 0 -2 0 3 1 1 1 0 4/8 16:20 0:07 0:24
Jujhar Khaira 0 0 0 0 0 1 1 1 0 1 0/0 12:02 0:00 0:24
Marc Staal 0 0 0 -2 0 2 1 2 0 3 0/0 25:07 1:41 0:56
Mike Green 0 0 0 0 0 0 1 2 1 1 0/0 29:42 4:28 0:56
Nicklas Backstrom 0 1 1 2 0 5 2 0 0 0 15/34 23:30 4:19 0:00
Patrick Kane 0 1 1 2 0 1 2 0 3 0 3/4 24:45 4:26 1:05
Phil Kessel 0 0 0 -2 0 0 0 2 0 0 0/0 15:34 0:00 0:00
Sergey Kalinin 0 0 0 0 0 0 1 1 0 1 2/7 12:22 0:00 0:56
Shea Theodore 1 1 2 2 0 1 2 0 0 0 0/0 19:43 1:41 0:00
Steve Downie 0 0 0 0 2 3 0 0 0 0 0/0 11:37 0:00 0:00
Taylor Hall 1 1 2 2 0 2 0 0 0 1 1/1 23:40 4:26 0:00
Players Stats for Rangers
Player Name G A P +/- PIM S H SB GA TA FO MP PP MP PK MP
------------------------------------------------------------------------------------
Cale Makar 0 1 1 1 0 1 0 1 1 2 0/0 29:38 1:07 0:00
Devante Smith-Pelly 0 0 0 -1 0 4 0 2 0 0 1/3 19:26 1:03 0:00
Dmitry Kulikov 0 0 0 0 0 1 3 3 0 0 0/0 24:36 0:00 3:32
Henrik Samuelsson 0 0 0 0 0 1 2 0 1 0 3/5 16:17 0:00 2:02
Jake McCabe 0 0 0 1 0 3 3 2 3 1 0/0 33:25 0:52 3:32
Mikhail Sergachev 0 0 0 0 2 1 0 0 0 1 0/0 22:53 0:00 1:51
Milan Lucic 0 1 1 0 4 4 2 2 2 0 1/1 24:02 1:03 0:28
Oliver Bjorkstrand 0 0 0 0 0 0 0 0 1 0 0/1 14:04 0:00 0:41
Ondrej Palat 0 0 0 -1 0 1 1 0 0 0 1/2 19:42 0:52 0:27
Patrik Nemeth 0 0 0 -1 0 1 0 2 0 1 0/0 18:17 0:00 2:37
Richard Panik 1 0 1 1 0 3 0 0 1 0 0/0 12:37 0:04 1:48
Ryan Strome 0 0 0 0 2 5 1 0 0 0 1/2 22:08 0:56 0:00
Samuel Blais 0 0 0 0 0 2 1 1 1 0 1/1 14:30 1:07 0:00
Sean Couturier 1 0 1 0 0 6 2 0 0 0 22/36 26:10 1:03 3:26
Seth Griffith 0 0 0 1 0 3 1 0 0 1 3/4 10:39 0:00 0:00
T.J Galiardi 0 1 1 1 0 1 0 0 0 0 0/0 14:33 0:00 3:26
Tomas Hertl 0 0 0 -1 0 3 0 1 3 1 10/20 19:19 0:56 0:00
Vince Dunn 0 0 0 -1 0 2 0 2 0 1 0/0 17:01 0:52 0:46
3 Stars
1 - Shea Theodore (Was)
2 - Cory Schneider (Was)
3 - Taylor Hall (Was)
Power Play
Capitals - 1 on 4 Attempt(s) - 25.00%
Rangers - 0 on 1 Attempt(s) - 0.00%
Penalty Kill
Capitals - 1 on 1 Attempt(s) - 100.00%
- Score 0 goal in Penalty Kill
Rangers - 3 on 4 Attempt(s) - 75.00%
- Score 0 goal in Penalty Kill
Team Stat
Capitals - Hits : 20 - Faceoff Wins : 32 - Blocked Shots : 15 - Penalty Minutes : 2
Rangers - Hits : 16 - Faceoff Wins : 43 - Blocked Shots : 16 - Penalty Minutes : 8
Official
Referees : Frederick L'Ecuyer and Jon McIsaac
Linesman : Bevan Mills and Trent Knorr
Game Notes
No Game Note
Finance
Level 1 -- Attendance: 6000 (100.00%) -- Ticket Income $600,000
Level 2 -- Attendance: 5000 (100.00%) -- Ticket Income $300,000
Level 3 -- Attendance: 2000 (100.00%) -- Ticket Income $70,000
Level 4 -- Attendance: 4000 (100.00%) -- Ticket Income $100,000
Luxury Box -- Attendance: 1000 (100.00%) -- Ticket Income $200,000
Game was played at the Madison Square Garden.
Total Attendance: 18000 (100.00%)
Total Ticket Income: $1,270,000
Other Income: $190,500
Total Income: $1,460,500
Capitals
5 vs 5 Forward
Center Left Wing Right Wing Time % Phy DF OF
1 Nicklas Backstrom Taylor Hall Patrick Kane 40 0 1 4
2 Cody Hodgson Blake Pietila Bobby Ryan 30 0 1 4
3 Joe Colborne Jeff Skinner Phil Kessel 20 0 2 3
4 Sergey Kalinin Jujhar Khaira Steve Downie 10 0 2 3
5 vs 5 Defense
Defense Defense Time % Phy DF OF
1 Brandon Gormley Mike Green 40 0 2 3
2 Alexei Marchenko Marc Staal 30 0 3 2
3 Shea Theodore Brandon Burlon 20 0 3 2
4 Brandon Gormley Mike Green 10 0 3 2
PowerPlay Forward
Center Left Wing Right Wing Time % Phy DF OF
1 Nicklas Backstrom Taylor Hall Patrick Kane 60 0 0 5
2 Cody Hodgson Blake Pietila Bobby Ryan 40 0 0 5
PowerPlay Defense
Defense Defense Time % Phy DF OF
1 Brandon Gormley Mike Green 60 0 2 3
2 Marc Staal Shea Theodore 40 0 2 3
Penalty Kill 4 Players Forward
Center Wing Time % Phy DF OF
1 Sergey Kalinin Patrick Kane 60 0 3 2
2 Joe Colborne Jujhar Khaira 40 0 3 2
Penalty Kill 4 Players Defense
Defense Defense Time % Phy DF OF
1 Marc Staal Mike Green 60 0 4 1
2 Alexei Marchenko Brandon Gormley 40 0 4 1
Penalty Kill - 3 Players Forward
Forward Time % Phy DF OF
1 Taylor Hall 60 0 5 0
2 Patrick Kane 40 0 5 0
Penalty Kill - 3 Players Defense
Defense Defense Time % Phy DF OF
1 Marc Staal Mike Green 60 0 5 0
2 Brandon Gormley Alexei Marchenko 40 0 5 0
4 vs 4 Forward
Center Wing Time % Phy DF OF
1 Taylor Hall Patrick Kane 60 0 1 4
2 Nicklas Backstrom Bobby Ryan 40 0 1 4
4 vs 4 Defense
Defense Defense Time % Phy DF OF
1 Brandon Gormley Mike Green 60 0 2 3
2 Alexei Marchenko Marc Staal 40 0 3 2
Last Minutes Offensive
Center Left Wing Right Wing Defense Defense
Nicklas Backstrom Taylor Hall Patrick Kane Shea Theodore Mike Green
Last Minutes Defensive
Center Left Wing Right Wing Defense Defense
Nicklas Backstrom Taylor Hall Patrick Kane Marc Staal Mike Green
Goaltenders
Starting : Cory Schneider
Backup : Chet Pickard
Extra Forwards
Normal : Patrick Kane, Taylor Hall, Nicklas Backstrom - PP : Patrick Kane, Taylor Hall - PK : Patrick Kane
Extra Defensemen
Normal : Mike Green, Brandon Gormley, Alexei Marchenko - PP : Mike Green - PK : Marc Staal, Mike Green
Penalty Shots
Taylor Hall, Patrick Kane, Nicklas Backstrom, Bobby Ryan, Cody Hodgson
Custom OT Lines Forwards
Taylor Hall, Patrick Kane, Nicklas Backstrom, Bobby Ryan, Cody Hodgson, Blake Pietila, Jujhar Khaira, Steve Downie, Jeff Skinner, Phil Kessel
Custom OT Lines Defensemen
Brandon Gormley, Shea Theodore, Mike Green, Marc Staal, Alexei Marchenko
Scratches
None
Rangers
5 vs 5 Forward
Center Left Wing Right Wing Time % Phy DF OF
1 Sean Couturier Milan Lucic Ryan Strome 40 1 2 2
2 Tomas Hertl Ondrej Palat Devante Smith-Pelly 30 1 2 2
3 Henrik Samuelsson Samuel Blais Oliver Bjorkstrand 20 1 2 2
4 Seth Griffith T.J Galiardi Richard Panik 10 1 2 2
5 vs 5 Defense
Defense Defense Time % Phy DF OF
1 Jake McCabe Cale Makar 40 1 2 2
2 Dmitry Kulikov Mikhail Sergachev 30 1 2 2
3 Patrik Nemeth Vince Dunn 20 1 2 2
4 Jake McCabe Cale Makar 10 1 2 2
PowerPlay Forward
Center Left Wing Right Wing Time % Phy DF OF
1 Sean Couturier Milan Lucic Devante Smith-Pelly 60 1 2 2
2 Tomas Hertl Ondrej Palat Ryan Strome 40 1 2 2
PowerPlay Defense
Defense Defense Time % Phy DF OF
1 Cale Makar Samuel Blais 60 1 2 2
2 Vince Dunn Jake McCabe 40 1 2 2
Penalty Kill 4 Players Forward
Center Wing Time % Phy DF OF
1 Sean Couturier T.J Galiardi 60 1 2 2
2 Henrik Samuelsson Richard Panik 40 1 2 2
Penalty Kill 4 Players Defense
Defense Defense Time % Phy DF OF
1 Jake McCabe Dmitry Kulikov 60 1 2 2
2 Patrik Nemeth Mikhail Sergachev 40 1 2 2
Penalty Kill - 3 Players Forward
Forward Time % Phy DF OF
1 Henrik Samuelsson 60 1 2 2
2 Sean Couturier 40 1 2 2
Penalty Kill - 3 Players Defense
Defense Defense Time % Phy DF OF
1 Jake McCabe Dmitry Kulikov 60 1 2 2
2 Patrik Nemeth Mikhail Sergachev 40 1 2 2
4 vs 4 Forward
Center Wing Time % Phy DF OF
1 Milan Lucic Sean Couturier 60 1 2 2
2 Tomas Hertl Devante Smith-Pelly 40 1 2 2
4 vs 4 Defense
Defense Defense Time % Phy DF OF
1 Jake McCabe Cale Makar 60 1 2 2
2 Dmitry Kulikov Mikhail Sergachev 40 1 2 2
Last Minutes Offensive
Center Left Wing Right Wing Defense Defense
Sean Couturier Milan Lucic Ryan Strome Jake McCabe Cale Makar
Last Minutes Defensive
Center Left Wing Right Wing Defense Defense
Sean Couturier T.J Galiardi Devante Smith-Pelly Jake McCabe Dmitry Kulikov
Goaltenders
Starting : Frederik Andersen
Backup : Samuel Montembeault
Extra Forwards
Normal : Richard Panik, Devante Smith-Pelly, Oliver Bjorkstrand - PP : Richard Panik, Devante Smith-Pelly - PK : Oliver Bjorkstrand
Extra Defensemen
Normal : Mikhail Sergachev, Vince Dunn, Patrik Nemeth - PP : Mikhail Sergachev - PK : Vince Dunn, Patrik Nemeth
Penalty Shots
Milan Lucic, Sean Couturier, Tomas Hertl, Devante Smith-Pelly, Ryan Strome
Custom OT Lines Forwards
Milan Lucic, Sean Couturier, Tomas Hertl, Devante Smith-Pelly, Ryan Strome, Samuel Blais, Ondrej Palat, Oliver Bjorkstrand, T.J Galiardi, Richard Panik
Custom OT Lines Defensemen
Jake McCabe, Cale Makar, Dmitry Kulikov, Mikhail Sergachev, Vince Dunn
Scratches
Chris Mcallister (Healthy), Magnus Paajarvi (Healthy), Mike Condon (Healthy)
% Time on Ice - Capitals
Lines # - Real PCT - Wanted PCT - Time Play
Normal Forward
1 - 30% - 40% - 19:14
2 - 29% - 30% - 18:44
3 - 24% - 20% - 15:34
4 - 18% - 10% - 11:26
Normal Defense
1 - 35% - 40% - 22:36
2 - 36% - 30% - 23:36
3 - 26% - 20% - 17:04
4 - 3% - 10% - 1:42
PP Forward
1 - 72% - 60% - 4:26
2 - 28% - 40% - 1:43
PP Defense
1 - 73% - 60% - 4:28
2 - 27% - 40% - 1:41
PK Forward
1 - 80% - 60% - 1:35
2 - 20% - 40% - 0:24
PK Defense
1 - 47% - 60% - 0:56
2 - 53% - 40% - 1:03
PK3 Forward
1 - 0% - 60%
2 - 0% - 40%
PK3 Defense
1 - 0% - 60%
2 - 0% - 40%
44 Forward
1 - 0% - 60%
2 - 0% - 40%
44 Defense
1 - 0% - 60%
2 - 0% - 40%
Last Minute Offensive - 0:00
Last Minute Defensive - 0:00
Total
Forward - 73:06
Defense - 73:06
|
% Time on Ice - Rangers
Lines # - Real PCT - Wanted PCT - Time Play
Normal Forward
1 - 35% - 40% - 22:27
2 - 28% - 30% - 18:29
3 - 21% - 20% - 13:23
4 - 16% - 10% - 10:39
Normal Defense
1 - 40% - 40% - 25:41
2 - 31% - 30% - 20:20
3 - 24% - 20% - 15:20
4 - 6% - 10% - 3:37
PP Forward
1 - 53% - 60% - 1:03
2 - 47% - 40% - 0:56
PP Defense
1 - 56% - 60% - 1:07
2 - 44% - 40% - 0:52
PK Forward
1 - 71% - 60% - 4:21
2 - 29% - 40% - 1:48
PK Defense
1 - 57% - 60% - 3:32
2 - 43% - 40% - 2:37
PK3 Forward
1 - 0% - 60%
2 - 0% - 40%
PK3 Defense
1 - 0% - 60%
2 - 0% - 40%
44 Forward
1 - 0% - 60%
2 - 0% - 40%
44 Defense
1 - 0% - 60%
2 - 0% - 40%
Last Minute Offensive - 0:00
Last Minute Defensive - 0:00
Total
Forward - 73:06
Defense - 73:06
|
Play-by-Play
1st period
0:01 of 1st period - Sean Couturier wins face-off versus Nicklas Backstrom in neutral zone.
0:32 of 1st period - Slapshot by Ondrej Palat.
0:32 of 1st period - Stopped by Cory Schneider without a rebound.
0:33 of 1st period - Joe Colborne wins face-off versus Oliver Bjorkstrand in Capitals zone.
1:08 of 1st period - Slapshot by Steve Downie.
1:08 of 1st period - Shot Blocked by Dmitry Kulikov.
1:26 of 1st period - Snap shot by Nicklas Backstrom.
1:26 of 1st period - Deflect By Taylor Hall.
1:26 of 1st period - Shot Blocked by Dmitry Kulikov.
1:26 of 1st period - Puck is out of play.
1:27 of 1st period - Taylor Hall wins face-off versus Tomas Hertl in Rangers zone.
1:52 of 1st period - Snap shot by Taylor Hall.
1:52 of 1st period - Goal by Taylor Hall - Capitals : 1 - Rangers : 0.
1:53 of 1st period - Cody Hodgson wins face-off versus Sean Couturier in neutral zone.
2:28 of 1st period - Oliver Bjorkstrand is hit by Joe Colborne and loses puck.
3:02 of 1st period - Tomas Hertl is hit by Alexei Marchenko and loses puck.
4:09 of 1st period - Slapshot by Tomas Hertl.
4:09 of 1st period - Stopped by Cory Schneider without a rebound.
4:10 of 1st period - Sean Couturier wins face-off versus Nicklas Backstrom in Capitals zone.
4:23 of 1st period - Snap shot by Sean Couturier.
4:23 of 1st period - Shot Blocked by Mike Green.
4:25 of 1st period - Slapshot by Vince Dunn.
4:25 of 1st period - Deflect By Sean Couturier.
4:25 of 1st period - Stopped by Cory Schneider without a rebound.
4:26 of 1st period - Sean Couturier wins face-off versus Joe Colborne in Capitals zone.
4:29 of 1st period - Wrist shot by Milan Lucic.
4:29 of 1st period - Deflect By Sean Couturier.
4:29 of 1st period - Stopped by Cory Schneider without a rebound.
4:30 of 1st period - Joe Colborne wins face-off versus Sean Couturier in Capitals zone.
4:30 of 1st period - Joe Colborne is hit by Jake McCabe.
5:09 of 1st period - Brandon Gormley is hit by Henrik Samuelsson.
5:31 of 1st period - Snap shot by Richard Panik.
5:31 of 1st period - Shot Blocked by Jujhar Khaira.
5:47 of 1st period - Wrist shot by Blake Pietila.
5:47 of 1st period - Stopped by Frederik Andersen without a rebound.
5:48 of 1st period - Cody Hodgson wins face-off versus Henrik Samuelsson in Rangers zone.
6:24 of 1st period - Slapshot by Seth Griffith.
6:24 of 1st period - Shot Blocked by Blake Pietila.
6:44 of 1st period - Snap shot by Blake Pietila.
6:44 of 1st period - Stopped by Frederik Andersen without a rebound.
6:45 of 1st period - Sean Couturier wins face-off versus Nicklas Backstrom in Rangers zone.
7:12 of 1st period - Jake McCabe is hit by Jeff Skinner and loses puck.
8:12 of 1st period - Icing by Ondrej Palat.
8:13 of 1st period - Patrick Kane wins face-off versus Tomas Hertl in Rangers zone.
8:14 of 1st period - Snap shot by Nicklas Backstrom.
8:14 of 1st period - Stopped by Frederik Andersen without a rebound.
8:15 of 1st period - Nicklas Backstrom wins face-off versus Sean Couturier in Rangers zone.
8:16 of 1st period - Snap shot by Taylor Hall.
8:16 of 1st period - Shot Misses the Net.
8:18 of 1st period - Minor Penalty to Ryan Strome for Tripping.
8:19 of 1st period - Sean Couturier wins face-off versus Nicklas Backstrom in Rangers zone.
8:30 of 1st period - Slapshot by Brandon Gormley.
8:30 of 1st period - Goal by Brandon Gormley - Capitals : 2 - Rangers : 0.
8:31 of 1st period - Sean Couturier wins face-off versus Nicklas Backstrom in neutral zone.
8:48 of 1st period - Snap shot by Brandon Gormley.
8:48 of 1st period - Shot Misses the Net.
9:06 of 1st period - Wrist shot by Oliver Bjorkstrand.
9:06 of 1st period - Deflect By Samuel Blais.
9:06 of 1st period - Stopped by Cory Schneider without a rebound.
9:07 of 1st period - Joe Colborne wins face-off versus Tomas Hertl in Capitals zone.
9:42 of 1st period - Slapshot by Sean Couturier.
9:42 of 1st period - Goal by Sean Couturier - Capitals : 2 - Rangers : 1.
9:43 of 1st period - Sean Couturier wins face-off versus Nicklas Backstrom in neutral zone.
10:23 of 1st period - Snap shot by Cody Hodgson.
10:23 of 1st period - Shot Misses the Net.
10:25 of 1st period - Snap shot by Blake Pietila.
10:25 of 1st period - Stopped by Frederik Andersen without a rebound.
10:26 of 1st period - Cody Hodgson wins face-off versus Tomas Hertl in Rangers zone.
10:35 of 1st period - Snap shot by Blake Pietila.
10:35 of 1st period - Stopped by Frederik Andersen without a rebound.
10:36 of 1st period - Tomas Hertl wins face-off versus Cody Hodgson in Rangers zone.
10:41 of 1st period - Snap shot by Ondrej Palat.
10:41 of 1st period - Shot Misses the Net.
10:43 of 1st period - Wrist shot by Mikhail Sergachev.
10:43 of 1st period - Deflect By Ondrej Palat.
10:43 of 1st period - Shot Blocked by Alexei Marchenko.
10:43 of 1st period - Puck is out of play.
10:44 of 1st period - Nicklas Backstrom wins face-off versus Sean Couturier in Capitals zone.
11:19 of 1st period - Off-side.
11:20 of 1st period - Sean Couturier wins face-off versus Cody Hodgson in neutral zone.
11:33 of 1st period - Wrist shot by Ryan Strome.
11:33 of 1st period - Shot Misses the Net.
12:34 of 1st period - Tomas Hertl is hit by Brandon Gormley and loses puck.
12:43 of 1st period - Wrist shot by Nicklas Backstrom.
12:43 of 1st period - Shot Blocked by Cale Makar.
12:45 of 1st period - Wrist shot by Brandon Gormley.
12:45 of 1st period - Deflect By Nicklas Backstrom.
12:45 of 1st period - Shot Misses the Net.
12:45 of 1st period - Puck is out of play.
12:46 of 1st period - Sean Couturier wins face-off versus Cody Hodgson in Rangers zone.
13:09 of 1st period - Minor Penalty to Milan Lucic for Holding.
13:10 of 1st period - Nicklas Backstrom wins face-off versus Sean Couturier in Rangers zone.
13:17 of 1st period - Slapshot by Taylor Hall.
13:17 of 1st period - Deflect By Nicklas Backstrom.
13:17 of 1st period - Shot Misses the Net.
13:17 of 1st period - Puck is out of play.
13:18 of 1st period - Sean Couturier wins face-off versus Nicklas Backstrom in Rangers zone.
13:39 of 1st period - Snap shot by Mike Green.
13:39 of 1st period - Shot Blocked by Jake McCabe.
14:09 of 1st period - Wrist shot by Nicklas Backstrom.
14:09 of 1st period - Stopped by Frederik Andersen with a rebound.
15:09 of 1st period - Penalty to Milan Lucic is over, Milan Lucic is back on ice.
15:22 of 1st period - Icing by Jake McCabe.
15:23 of 1st period - Cody Hodgson wins face-off versus Sean Couturier in Rangers zone.
15:24 of 1st period - Snap shot by Blake Pietila.
15:24 of 1st period - Stopped by Frederik Andersen with a rebound.
15:26 of 1st period - Snap shot by Cody Hodgson.
15:26 of 1st period - Shot Hit the Post.
15:28 of 1st period - Snap shot by Blake Pietila.
15:28 of 1st period - Shot Misses the Net.
15:30 of 1st period - Slapshot by Blake Pietila.
15:30 of 1st period - Shot Misses the Net.
15:32 of 1st period - Slapshot by Alexei Marchenko.
15:32 of 1st period - Shot Misses the Net.
15:34 of 1st period - Slapshot by Alexei Marchenko.
15:34 of 1st period - Shot Misses the Net.
15:36 of 1st period - Slapshot by Marc Staal.
15:36 of 1st period - Stopped by Frederik Andersen without a rebound.
15:37 of 1st period - Tomas Hertl wins face-off versus Blake Pietila in Rangers zone.
16:04 of 1st period - Snap shot by Steve Downie.
16:04 of 1st period - Shot Misses the Net.
16:06 of 1st period - Slapshot by Marc Staal.
16:06 of 1st period - Deflect By Patrik Nemeth.
16:06 of 1st period - Stopped by Frederik Andersen without a rebound.
16:07 of 1st period - Henrik Samuelsson wins face-off versus Sergey Kalinin in Rangers zone.
16:19 of 1st period - Cale Makar is hit by Sergey Kalinin.
16:33 of 1st period - Cody Hodgson is hit by Jake McCabe and loses puck.
17:01 of 1st period - Wrist shot by Tomas Hertl.
17:01 of 1st period - Shot Blocked by Joe Colborne.
17:37 of 1st period - Icing by Jujhar Khaira.
17:38 of 1st period - Henrik Samuelsson wins face-off versus Sergey Kalinin in Capitals zone.
17:39 of 1st period - Snap shot by Oliver Bjorkstrand.
17:39 of 1st period - Shot Blocked by Brandon Burlon.
17:57 of 1st period - Snap shot by Steve Downie.
17:57 of 1st period - Shot Misses the Net.
18:01 of 1st period - Slapshot by Jujhar Khaira.
18:01 of 1st period - Stopped by Frederik Andersen with a rebound.
18:03 of 1st period - Snap shot by Steve Downie.
18:03 of 1st period - Stopped by Frederik Andersen with a rebound.
18:05 of 1st period - Snap shot by Brandon Burlon.
18:05 of 1st period - Stopped by Frederik Andersen with a rebound.
18:07 of 1st period - Wrist shot by Steve Downie.
18:07 of 1st period - Stopped by Frederik Andersen with a rebound.
18:09 of 1st period - Slapshot by Steve Downie.
18:09 of 1st period - Shot Blocked by Milan Lucic.
18:35 of 1st period - Wrist shot by Sean Couturier.
18:35 of 1st period - Stopped by Cory Schneider with a rebound.
19:27 of 1st period - Wrist shot by Jujhar Khaira.
19:27 of 1st period - Shot Misses the Net.
19:29 of 1st period - Slapshot by Brandon Burlon.
19:29 of 1st period - Stopped by Frederik Andersen with a rebound.
Goals for this period are 2 for Capitals vs 1 for Rangers.
Shots for this period are 16 for Capitals vs 7 for Rangers.
2nd period
0:01 of 2nd period - Ondrej Palat wins face-off versus Nicklas Backstrom in neutral zone.
0:59 of 2nd period - Snap shot by Milan Lucic.
0:59 of 2nd period - Shot Misses the Net.
1:01 of 2nd period - Backhand shot by Ryan Strome.
1:01 of 2nd period - Stopped by Cory Schneider without a rebound.
1:02 of 2nd period - Tomas Hertl wins face-off versus Nicklas Backstrom in Capitals zone.
1:03 of 2nd period - Snap shot by Devante Smith-Pelly.
1:03 of 2nd period - Stopped by Cory Schneider without a rebound.
1:04 of 2nd period - Nicklas Backstrom wins face-off versus Ondrej Palat in Capitals zone.
1:21 of 2nd period - Dmitry Kulikov is hit by Nicklas Backstrom and loses puck.
2:00 of 2nd period - Slapshot by Richard Panik.
2:00 of 2nd period - Shot Misses the Net.
2:02 of 2nd period - Slapshot by Richard Panik.
2:02 of 2nd period - Stopped by Cory Schneider without a rebound.
2:03 of 2nd period - Nicklas Backstrom wins face-off versus Seth Griffith in Capitals zone.
2:38 of 2nd period - Wrist shot by Tomas Hertl.
2:38 of 2nd period - Deflect By Ondrej Palat.
2:38 of 2nd period - Shot Blocked by Cody Hodgson.
2:38 of 2nd period - Puck is out of play.
2:39 of 2nd period - Cody Hodgson wins face-off versus Tomas Hertl in Capitals zone.
4:05 of 2nd period - Minor Penalty to Steve Downie for Roughing.
4:06 of 2nd period - Sergey Kalinin wins face-off versus Sean Couturier in Capitals zone.
4:17 of 2nd period - Snap shot by Milan Lucic.
4:17 of 2nd period - Shot Hit the Post.
4:49 of 2nd period - Snap shot by Ondrej Palat.
4:49 of 2nd period - Shot Misses the Net.
4:51 of 2nd period - Snap shot by Ryan Strome.
4:51 of 2nd period - Stopped by Cory Schneider with a rebound.
5:13 of 2nd period - Joe Colborne is hit by Jake McCabe and loses puck.
5:42 of 2nd period - Brandon Gormley is hit by Sean Couturier and loses puck.
6:05 of 2nd period - Penalty to Steve Downie is over, Steve Downie is back on ice.
6:11 of 2nd period - Brandon Gormley is hit by Dmitry Kulikov and loses puck.
6:16 of 2nd period - Snap shot by Seth Griffith.
6:16 of 2nd period - Stopped by Cory Schneider without a rebound.
6:17 of 2nd period - Seth Griffith wins face-off versus Joe Colborne in Capitals zone.
6:18 of 2nd period - Wrist shot by T.J Galiardi.
6:18 of 2nd period - Shot Misses the Net.
6:28 of 2nd period - Richard Panik is hit by Shea Theodore and loses puck.
6:41 of 2nd period - Snap shot by Richard Panik.
6:41 of 2nd period - Stopped by Cory Schneider without a rebound.
6:42 of 2nd period - Patrick Kane wins face-off versus Ryan Strome in Capitals zone.
7:27 of 2nd period - Cale Makar is hit by Jeff Skinner and loses puck.
7:54 of 2nd period - Nicklas Backstrom is hit by Dmitry Kulikov and loses puck.
8:21 of 2nd period - Off-side.
8:22 of 2nd period - Sean Couturier wins face-off versus Nicklas Backstrom in neutral zone.
9:42 of 2nd period - Slapshot by Shea Theodore.
9:42 of 2nd period - Shot Blocked by Patrik Nemeth.
9:58 of 2nd period - Slapshot by Ryan Strome.
9:58 of 2nd period - Shot Misses the Net.
10:00 of 2nd period - Snap shot by Ryan Strome.
10:00 of 2nd period - Shot Misses the Net.
10:02 of 2nd period - Backhand shot by Patrik Nemeth.
10:02 of 2nd period - Shot Misses the Net.
10:04 of 2nd period - Slapshot by Ryan Strome.
10:04 of 2nd period - Stopped by Cory Schneider without a rebound.
10:05 of 2nd period - Tomas Hertl wins face-off versus Cody Hodgson in Capitals zone.
10:08 of 2nd period - Snap shot by Tomas Hertl.
10:08 of 2nd period - Stopped by Cory Schneider with a rebound.
10:11 of 2nd period - Icing by Blake Pietila.
10:12 of 2nd period - Cody Hodgson wins face-off versus Tomas Hertl in Capitals zone.
10:45 of 2nd period - Wrist shot by Ondrej Palat.
10:45 of 2nd period - Shot Blocked by Alexei Marchenko.
10:48 of 2nd period - Icing by Alexei Marchenko.
10:49 of 2nd period - Sean Couturier wins face-off versus Cody Hodgson in Capitals zone.
10:56 of 2nd period - Slapshot by Sean Couturier.
10:56 of 2nd period - Stopped by Cory Schneider with a rebound.
10:58 of 2nd period - Slapshot by Mikhail Sergachev.
10:58 of 2nd period - Deflect By Blake Pietila.
10:58 of 2nd period - Stopped by Cory Schneider with a rebound.
11:19 of 2nd period - Minor Penalty to Mikhail Sergachev for Boarding.
11:20 of 2nd period - Nicklas Backstrom wins face-off versus Sean Couturier in Rangers zone.
12:14 of 2nd period - Patrik Nemeth is hit by Nicklas Backstrom and loses puck.
12:29 of 2nd period - Patrik Nemeth is hit by Cody Hodgson and loses puck.
13:04 of 2nd period - Dmitry Kulikov is hit by Patrick Kane and loses puck.
13:19 of 2nd period - Penalty to Mikhail Sergachev is over, Mikhail Sergachev is back on ice.
13:26 of 2nd period - Slapshot by Dmitry Kulikov.
13:26 of 2nd period - Shot Blocked by Phil Kessel.
13:37 of 2nd period - Backhand shot by Joe Colborne.
13:37 of 2nd period - Shot Blocked by Vince Dunn.
13:43 of 2nd period - Marc Staal is hit by Milan Lucic and loses puck.
13:52 of 2nd period - Slapshot by Cale Makar.
13:52 of 2nd period - Shot Misses the Net.
14:04 of 2nd period - Snap shot by Joe Colborne.
14:04 of 2nd period - Stopped by Frederik Andersen without a rebound.
14:05 of 2nd period - Tomas Hertl wins face-off versus Sergey Kalinin in Rangers zone.
14:37 of 2nd period - Mike Green is hit by Seth Griffith and loses puck.
14:57 of 2nd period - Snap shot by Nicklas Backstrom.
14:57 of 2nd period - Stopped by Frederik Andersen with a rebound.
14:59 of 2nd period - Slapshot by Brandon Burlon.
14:59 of 2nd period - Shot Blocked by Samuel Blais.
15:01 of 2nd period - Slapshot by Brandon Burlon.
15:01 of 2nd period - Shot Blocked by Jake McCabe.
15:03 of 2nd period - Snap shot by Nicklas Backstrom.
15:03 of 2nd period - Shot Misses the Net.
15:28 of 2nd period - Sergey Kalinin is hit by Dmitry Kulikov.
15:39 of 2nd period - Off-side.
15:40 of 2nd period - Sean Couturier wins face-off versus Nicklas Backstrom in neutral zone.
15:43 of 2nd period - Mike Green is hit by Milan Lucic and loses puck.
15:50 of 2nd period - Wrist shot by Sean Couturier.
15:50 of 2nd period - Shot Misses the Net.
15:52 of 2nd period - Snap shot by Milan Lucic.
15:52 of 2nd period - Stopped by Cory Schneider with a rebound.
16:26 of 2nd period - Icing by Vince Dunn.
16:27 of 2nd period - Seth Griffith wins face-off versus Joe Colborne in Rangers zone.
17:57 of 2nd period - Slapshot by Cale Makar.
17:57 of 2nd period - Shot Blocked by Marc Staal.
17:59 of 2nd period - Wrist shot by Richard Panik.
17:59 of 2nd period - Shot Hit the Post.
18:01 of 2nd period - Snap shot by Richard Panik.
18:01 of 2nd period - Shot Misses the Net.
18:03 of 2nd period - Snap shot by Richard Panik.
18:03 of 2nd period - Goal by Richard Panik - Capitals : 2 - Rangers : 2.
18:04 of 2nd period - Sean Couturier wins face-off versus Nicklas Backstrom in neutral zone.
18:19 of 2nd period - Snap shot by Milan Lucic.
18:19 of 2nd period - Shot Misses the Net.
18:44 of 2nd period - Wrist shot by Nicklas Backstrom.
18:44 of 2nd period - Shot Misses the Net.
18:46 of 2nd period - Slapshot by Brandon Burlon.
18:46 of 2nd period - Shot Misses the Net.
18:48 of 2nd period - Wrist shot by Taylor Hall.
18:48 of 2nd period - Shot Misses the Net.
18:50 of 2nd period - Slapshot by Brandon Burlon.
18:50 of 2nd period - Stopped by Frederik Andersen without a rebound.
18:51 of 2nd period - Sean Couturier wins face-off versus Cody Hodgson in Rangers zone.
19:18 of 2nd period - Sergey Kalinin is hit by Ondrej Palat and loses puck.
19:25 of 2nd period - Snap shot by Tomas Hertl.
19:25 of 2nd period - Shot Misses the Net.
19:51 of 2nd period - Slapshot by Patrik Nemeth.
19:51 of 2nd period - Stopped by Cory Schneider without a rebound.
19:52 of 2nd period - Sean Couturier wins face-off versus Nicklas Backstrom in Capitals zone.
19:55 of 2nd period - Wrist shot by Milan Lucic.
19:55 of 2nd period - Shot Misses the Net.
Goals for this period are 0 for Capitals vs 1 for Rangers.
Shots for this period are 3 for Capitals vs 13 for Rangers.
3rd period
0:01 of 3rd period - Milan Lucic wins face-off versus Nicklas Backstrom in neutral zone.
0:03 of 3rd period - Minor Penalty to Milan Lucic for High sticking.
0:04 of 3rd period - Nicklas Backstrom wins face-off versus Sean Couturier in Rangers zone.
0:30 of 3rd period - Jake McCabe is hit by Mike Green and loses puck.
1:39 of 3rd period - Ondrej Palat is hit by Brandon Gormley and loses puck.
2:03 of 3rd period - Penalty to Milan Lucic is over, Milan Lucic is back on ice.
2:14 of 3rd period - Wrist shot by Devante Smith-Pelly.
2:14 of 3rd period - Stopped by Cory Schneider without a rebound.
2:15 of 3rd period - Tomas Hertl wins face-off versus Sergey Kalinin in Capitals zone.
2:16 of 3rd period - Slapshot by Cale Makar.
2:16 of 3rd period - Stopped by Cory Schneider with a rebound.
2:22 of 3rd period - Wrist shot by Ondrej Palat.
2:22 of 3rd period - Shot Blocked by Sergey Kalinin.
3:32 of 3rd period - Wrist shot by Sean Couturier.
3:32 of 3rd period - Stopped by Cory Schneider without a rebound.
3:33 of 3rd period - Nicklas Backstrom wins face-off versus Tomas Hertl in Capitals zone.
3:40 of 3rd period - Slapshot by Nicklas Backstrom.
3:40 of 3rd period - Shot Misses the Net.
4:06 of 3rd period - Slapshot by Cale Makar.
4:06 of 3rd period - Deflect By Samuel Blais.
4:06 of 3rd period - Stopped by Cory Schneider with a rebound.
4:08 of 3rd period - Snap shot by Jake McCabe.
4:08 of 3rd period - Shot Blocked by Cody Hodgson.
4:28 of 3rd period - Off-side.
4:29 of 3rd period - Nicklas Backstrom wins face-off versus Tomas Hertl in neutral zone.
5:20 of 3rd period - Shea Theodore is hit by Samuel Blais and loses puck.
5:58 of 3rd period - Off-side.
5:59 of 3rd period - Sergey Kalinin wins face-off versus Tomas Hertl in neutral zone.
6:02 of 3rd period - Slapshot by Jujhar Khaira.
6:02 of 3rd period - Deflect By Steve Downie.
6:02 of 3rd period - Shot Blocked by Tomas Hertl.
6:02 of 3rd period - Puck is out of play.
6:03 of 3rd period - Tomas Hertl wins face-off versus Sergey Kalinin in Rangers zone.
7:08 of 3rd period - Icing by Brandon Gormley.
7:09 of 3rd period - Tomas Hertl wins face-off versus Nicklas Backstrom in Capitals zone.
7:12 of 3rd period - Slapshot by Tomas Hertl.
7:12 of 3rd period - Shot Misses the Net.
7:14 of 3rd period - Slapshot by Dmitry Kulikov.
7:14 of 3rd period - Stopped by Cory Schneider with a rebound.
8:08 of 3rd period - Slapshot by Jeff Skinner.
8:08 of 3rd period - Stopped by Frederik Andersen without a rebound.
8:09 of 3rd period - Ryan Strome wins face-off versus Cody Hodgson in Rangers zone.
8:16 of 3rd period - Slapshot by Blake Pietila.
8:16 of 3rd period - Stopped by Frederik Andersen without a rebound.
8:17 of 3rd period - Sean Couturier wins face-off versus Cody Hodgson in Rangers zone.
9:49 of 3rd period - Cale Makar is hit by Blake Pietila and loses puck.
9:54 of 3rd period - Snap shot by Bobby Ryan.
9:54 of 3rd period - Stopped by Frederik Andersen without a rebound.
9:55 of 3rd period - Nicklas Backstrom wins face-off versus Devante Smith-Pelly in Rangers zone.
10:12 of 3rd period - Snap shot by Taylor Hall.
10:12 of 3rd period - Deflect By Nicklas Backstrom.
10:12 of 3rd period - Stopped by Frederik Andersen with a rebound.
10:22 of 3rd period - Slapshot by Steve Downie.
10:22 of 3rd period - Stopped by Frederik Andersen with a rebound.
12:08 of 3rd period - Seth Griffith is hit by Shea Theodore and loses puck.
13:47 of 3rd period - Sergey Kalinin is hit by Henrik Samuelsson and loses puck.
14:26 of 3rd period - Shea Theodore is hit by Ryan Strome and loses puck.
15:57 of 3rd period - Wrist shot by Patrick Kane.
15:57 of 3rd period - Deflect By Taylor Hall.
15:57 of 3rd period - Shot Blocked by Patrik Nemeth.
15:57 of 3rd period - Puck is out of play.
15:58 of 3rd period - Tomas Hertl wins face-off versus Nicklas Backstrom in Rangers zone.
16:24 of 3rd period - Off-side.
16:25 of 3rd period - Sean Couturier wins face-off versus Cody Hodgson in neutral zone.
16:37 of 3rd period - Off-side.
16:38 of 3rd period - Henrik Samuelsson wins face-off versus Nicklas Backstrom in neutral zone.
17:04 of 3rd period - Samuel Blais is hit by Bobby Ryan and loses puck.
17:13 of 3rd period - Slapshot by Oliver Bjorkstrand.
17:13 of 3rd period - Deflect By Henrik Samuelsson.
17:13 of 3rd period - Stopped by Cory Schneider with a rebound.
17:29 of 3rd period - Wrist shot by Vince Dunn.
17:29 of 3rd period - Stopped by Cory Schneider with a rebound.
17:31 of 3rd period - Snap shot by Cale Makar.
17:31 of 3rd period - Shot Misses the Net.
17:33 of 3rd period - Wrist shot by Ryan Strome.
17:33 of 3rd period - Shot Blocked by Marc Staal.
17:35 of 3rd period - Snap shot by Milan Lucic.
17:35 of 3rd period - Shot Blocked by Phil Kessel.
17:56 of 3rd period - Slapshot by Taylor Hall.
17:56 of 3rd period - Shot Misses the Net.
18:12 of 3rd period - Wrist shot by Alexei Marchenko.
18:12 of 3rd period - Shot Misses the Net.
18:41 of 3rd period - Icing by Mikhail Sergachev.
18:42 of 3rd period - Cody Hodgson wins face-off versus Devante Smith-Pelly in Rangers zone.
18:59 of 3rd period - Slapshot by Cale Makar.
18:59 of 3rd period - Shot Misses the Net.
19:01 of 3rd period - Wrist shot by Milan Lucic.
19:01 of 3rd period - Stopped by Cory Schneider with a rebound.
19:03 of 3rd period - Snap shot by Ryan Strome.
19:03 of 3rd period - Stopped by Cory Schneider with a rebound.
19:05 of 3rd period - Wrist shot by Ryan Strome.
19:05 of 3rd period - Stopped by Cory Schneider without a rebound.
19:06 of 3rd period - Joe Colborne wins face-off versus Henrik Samuelsson in Capitals zone.
19:16 of 3rd period - Slapshot by Joe Colborne.
19:16 of 3rd period - Stopped by Frederik Andersen without a rebound.
19:17 of 3rd period - Samuel Blais wins face-off versus Cody Hodgson in Rangers zone.
19:52 of 3rd period - Slapshot by Tomas Hertl.
19:52 of 3rd period - Stopped by Cory Schneider with a rebound.
19:54 of 3rd period - Slapshot by Ondrej Palat.
19:54 of 3rd period - Shot Misses the Net.
19:58 of 3rd period - Wrist shot by Devante Smith-Pelly.
19:58 of 3rd period - Stopped by Cory Schneider without a rebound.
19:59 of 3rd period - Devante Smith-Pelly wins face-off versus Cody Hodgson in Capitals zone.
Goals for this period are 0 for Capitals vs 0 for Rangers.
Shots for this period are 6 for Capitals vs 12 for Rangers.
Overtime #1
0:01 of 1st overtime period - Sean Couturier wins face-off versus Patrick Kane in neutral zone.
0:04 of 1st overtime period - Slapshot by Jake McCabe.
0:04 of 1st overtime period - Shot Misses the Net.
0:48 of 1st overtime period - Samuel Blais is hit by Marc Staal and loses puck.
0:55 of 1st overtime period - Snap shot by Jujhar Khaira.
0:55 of 1st overtime period - Shot Misses the Net.
1:15 of 1st overtime period - Mikhail Sergachev is hit by Patrick Kane and loses puck.
1:40 of 1st overtime period - Backhand shot by Blake Pietila.
1:40 of 1st overtime period - Shot Misses the Net.
2:27 of 1st overtime period - Snap shot by Jake McCabe.
2:27 of 1st overtime period - Stopped by Cory Schneider without a rebound.
2:28 of 1st overtime period - Sean Couturier wins face-off versus Nicklas Backstrom in Capitals zone.
3:03 of 1st overtime period - Slapshot by Jake McCabe.
3:03 of 1st overtime period - Stopped by Cory Schneider with a rebound.
3:05 of 1st overtime period - Snap shot by Oliver Bjorkstrand.
3:05 of 1st overtime period - Shot Misses the Net.
3:17 of 1st overtime period - Slapshot by T.J Galiardi.
3:17 of 1st overtime period - Shot Blocked by Mike Green.
3:19 of 1st overtime period - Slapshot by T.J Galiardi.
3:19 of 1st overtime period - Shot Misses the Net.
3:21 of 1st overtime period - Snap shot by T.J Galiardi.
3:21 of 1st overtime period - Stopped by Cory Schneider without a rebound.
3:22 of 1st overtime period - Patrick Kane wins face-off versus Sean Couturier in Capitals zone.
3:48 of 1st overtime period - Dmitry Kulikov is hit by Bobby Ryan.
3:52 of 1st overtime period - Snap shot by Bobby Ryan.
3:52 of 1st overtime period - Shot Misses the Net.
4:16 of 1st overtime period - Snap shot by Jeff Skinner.
4:16 of 1st overtime period - Stopped by Frederik Andersen with a rebound.
4:28 of 1st overtime period - Richard Panik is hit by Jujhar Khaira and loses puck.
6:15 of 1st overtime period - Snap shot by Milan Lucic.
6:15 of 1st overtime period - Stopped by Cory Schneider with a rebound.
6:17 of 1st overtime period - Slapshot by Jake McCabe.
6:17 of 1st overtime period - Stopped by Cory Schneider without a rebound.
6:18 of 1st overtime period - Nicklas Backstrom wins face-off versus Tomas Hertl in Capitals zone.
6:23 of 1st overtime period - Snap shot by Nicklas Backstrom.
6:23 of 1st overtime period - Stopped by Frederik Andersen with a rebound.
6:25 of 1st overtime period - Slapshot by Marc Staal.
6:25 of 1st overtime period - Shot Blocked by Devante Smith-Pelly.
6:27 of 1st overtime period - Slapshot by Alexei Marchenko.
6:27 of 1st overtime period - Deflect By Ondrej Palat.
6:27 of 1st overtime period - Stopped by Frederik Andersen with a rebound.
6:45 of 1st overtime period - Mike Green is hit by Sean Couturier and loses puck.
6:50 of 1st overtime period - Snap shot by Sean Couturier.
6:50 of 1st overtime period - Shot Misses the Net.
6:52 of 1st overtime period - Wrist shot by Milan Lucic.
6:52 of 1st overtime period - Stopped by Cory Schneider without a rebound.
6:53 of 1st overtime period - Sean Couturier wins face-off versus Nicklas Backstrom in Capitals zone.
7:30 of 1st overtime period - Wrist shot by Phil Kessel.
7:30 of 1st overtime period - Shot Misses the Net.
7:32 of 1st overtime period - Slapshot by Brandon Gormley.
7:32 of 1st overtime period - Shot Blocked by Devante Smith-Pelly.
7:46 of 1st overtime period - Wrist shot by Samuel Blais.
7:46 of 1st overtime period - Shot Misses the Net.
8:12 of 1st overtime period - Snap shot by Nicklas Backstrom.
8:12 of 1st overtime period - Shot Misses the Net.
8:48 of 1st overtime period - Snap shot by Phil Kessel.
8:48 of 1st overtime period - Shot Misses the Net.
8:50 of 1st overtime period - Snap shot by Jeff Skinner.
8:50 of 1st overtime period - Stopped by Frederik Andersen without a rebound.
8:51 of 1st overtime period - Tomas Hertl wins face-off versus Joe Colborne in Rangers zone.
9:16 of 1st overtime period - Slapshot by Shea Theodore.
9:16 of 1st overtime period - Shot Blocked by Vince Dunn.
9:24 of 1st overtime period - Snap shot by Devante Smith-Pelly.
9:24 of 1st overtime period - Shot Misses the Net.
9:26 of 1st overtime period - Slapshot by Vince Dunn.
9:26 of 1st overtime period - Stopped by Cory Schneider with a rebound.
9:28 of 1st overtime period - Slapshot by Ondrej Palat.
9:28 of 1st overtime period - Shot Misses the Net.
9:30 of 1st overtime period - Slapshot by Patrik Nemeth.
9:30 of 1st overtime period - Shot Misses the Net.
9:32 of 1st overtime period - Wrist shot by Devante Smith-Pelly.
9:32 of 1st overtime period - Stopped by Cory Schneider with a rebound.
9:40 of 1st overtime period - Wrist shot by Jeff Skinner.
9:40 of 1st overtime period - Deflect By Joe Colborne.
9:40 of 1st overtime period - Stopped by Frederik Andersen without a rebound.
9:41 of 1st overtime period - Nicklas Backstrom wins face-off versus Sean Couturier in Rangers zone.
9:46 of 1st overtime period - Snap shot by Patrick Kane.
9:46 of 1st overtime period - Stopped by Frederik Andersen without a rebound.
9:47 of 1st overtime period - Nicklas Backstrom wins face-off versus Sean Couturier in Rangers zone.
9:54 of 1st overtime period - Slapshot by Nicklas Backstrom.
9:54 of 1st overtime period - Shot Blocked by Milan Lucic.
10:14 of 1st overtime period - Slapshot by Seth Griffith.
10:14 of 1st overtime period - Stopped by Cory Schneider without a rebound.
10:15 of 1st overtime period - Seth Griffith wins face-off versus Cody Hodgson in Capitals zone.
10:22 of 1st overtime period - Snap shot by Seth Griffith.
10:22 of 1st overtime period - Stopped by Cory Schneider without a rebound.
10:23 of 1st overtime period - Sean Couturier wins face-off versus Cody Hodgson in Capitals zone.
11:12 of 1st overtime period - Snap shot by Patrick Kane.
11:12 of 1st overtime period - Shot Misses the Net.
12:06 of 1st overtime period - Snap shot by Brandon Gormley.
12:06 of 1st overtime period - Shot Blocked by Dmitry Kulikov.
12:42 of 1st overtime period - Snap shot by Blake Pietila.
12:42 of 1st overtime period - Shot Misses the Net.
12:44 of 1st overtime period - Slapshot by Shea Theodore.
12:44 of 1st overtime period - Shot Misses the Net.
12:46 of 1st overtime period - Slapshot by Shea Theodore.
12:46 of 1st overtime period - Deflect By Bobby Ryan.
12:46 of 1st overtime period - Shot Hit the Post.
12:46 of 1st overtime period - Puck is out of play.
12:47 of 1st overtime period - Nicklas Backstrom wins face-off versus Sean Couturier in Rangers zone.
12:48 of 1st overtime period - Wrist shot by Taylor Hall.
12:48 of 1st overtime period - Stopped by Frederik Andersen without a rebound.
12:49 of 1st overtime period - Nicklas Backstrom wins face-off versus Sean Couturier in Rangers zone.
13:04 of 1st overtime period - Slapshot by Brandon Burlon.
13:04 of 1st overtime period - Stopped by Frederik Andersen with a rebound.
13:06 of 1st overtime period - Snap shot by Shea Theodore.
13:06 of 1st overtime period - Goal by Shea Theodore - Capitals : 3 - Rangers : 2.
Goals for this period are 1 for Capitals vs 0 for Rangers.
Shots for this period are 9 for Capitals vs 10 for Rangers.
Output by the SimonT Hockey Simulator (STHS) for Francois Prevost